 Seeded DCSS version 0.27.1-2-g3b301248ec (webtiles) character file.

Game seed: 17848141825139092340 (custom seed)

21260 rocky1 the Basher (level 12, -18/111 HPs)
             Began as an Ogre Hunter on Oct 1, 2021.
             Was a High Priest of Okawaru.
             Demolished by a large slime creature (20 damage)
             ... on level 11 of the Dungeon.
             The game lasted 01:19:06 (25055 turns).

rocky1 the Basher (Ogre Hunter)                    Turns: 25055, Time: 01:19:07

Health: -18/111    AC: 31    Str: 22    XL:     12   Next: 88%
Magic:  15/15      EV:  1    Int: 12    God:    Okawaru [*****.]
Gold:   765        SH: 21    Dex: 10    Spells: 11/11 levels left

rFire    + + +     SeeInvis .   a - +1 mace (protect)
rCold    + . .     Faith    .   s - +5 kite shield "Yviozu Mipu" {rPois rF+ rN+ Will+}
rNeg     + . .     Spirit   .   u - +9 scales of the Dragon King {rPois rF+ rC+ Will+}
rPois    +         Reflect  +   i - +0 hat
rElec    .         Harm     .   V - +0 cloak
rCorr    .         Rampage  .   (gloves unavailable)
Will     +++..                  (boots unavailable)
Stlth    ..........             l - amulet of reflection
HPRegen  0.28/turn              G - ring of protection from fire
MPRegen  0.14/turn              J - ring of poison resistance

@: under a protective aura, studying Staves
A: large, unfitting armour, tough skin 1
a: Renounce Religion, Heroism, Finesse


You were on level 11 of the Dungeon.
You worshipped Okawaru.
Okawaru was extremely pleased with you.
You visited 3 branches of the dungeon, and saw 14 of its levels.
You also visited: Sewer.

You collected 992 gold pieces.
You spent 227 gold pieces at shops.

Inventory:

Hand Weapons
 a - a +1 mace of protection (weapon)
 z - a +0 hand axe of flaming
Missiles
 c - 12 large rocks
 d - a throwing net
 m - 42 poisoned darts (quivered)
 o - 26 boomerangs
 r - 2 curare-tipped darts
 T - 8 javelins
 X - 5 silver boomerangs
Armour
 i - a +0 hat (worn)
 s - the +5 kite shield "Yviozu Mipu" (worn) {rPois rF+ rN+ Will+}
   (You acquired it on level 7 of the Dungeon)

   rF:        It protects you from fire.
   rPois:     It protects you from poison.
   rN:        It protects you from negative energy.
   Will:      It increases your willpower.
 u - the +9 scales of the Dragon King (worn) {rPois rF+ rC+ Will+}
   (You took it off a centaur on level 8 of the Dungeon)

   rF:        It protects you from fire.
   rC:        It protects you from cold.
   rPois:     It protects you from poison.
   Will:      It increases your willpower.
 V - a +0 cloak (worn)
Jewellery
 l - an amulet of reflection (around neck)
 G - a ring of protection from fire (left hand)
 J - a ring of poison resistance (right hand)
Wands
 p - a wand of acid (9)
 y - a wand of iceblast (24)
 B - a wand of flame (21)
 H - a wand of polymorph (7)
 I - a wand of paralysis (12)
Scrolls
 b - a scroll of fear {unknown}
 g - 2 scrolls of immolation
 j - 3 scrolls of summoning
 k - 4 scrolls of teleportation
 t - 2 scrolls of fog
 v - a scroll of enchant weapon
 w - 3 scrolls of magic mapping
 C - a scroll of vulnerability
 Q - 2 scrolls of enchant armour
 R - a scroll of blinking
 S - a scroll of silence
 Y - a scroll of brand weapon
Potions
 f - a potion of brilliance
 h - a potion of lignification
 q - 2 potions of cancellation
 x - a potion of mutation
 A - a potion of resistance {unknown}
 D - a potion of might
 E - 5 potions of magic
 F - a potion of attraction {unknown}
 M - 3 potions of flight
 N - a potion of berserk rage
 P - 2 potions of curing


   Skills:
 - Level 5.2 Fighting
 + Level 2.0(10.3) Axes
 - Level 14.0 Maces & Flails
 - Level 6.5 Throwing
 + Level 2.1 Armour
 + Level 3.1 Dodging
 - Level 0.6 Stealth
 - Level 9.0 Shields
 - Level 5.0 Invocations
 - Level 3.4 Evocations


You had 11 spell levels left.
You didn't know any spells.
Your spell library contained the following spells:

 Spells                   Type           Power      Damage    Failure   Level
 Sting                    Tmut/Pois      0%         1d3       100%        1
 Summon Small Mammal      Summ           0%         N/A       100%        1
 Slow                     Hex            0%         N/A       100%        2
 Call Canine Familiar     Summ           0%         N/A       100%        3
 Confusing Touch          Hex            0%         N/A       100%        3
 Ignite Poison            Fire/Tmut/Pois 0%         N/A       100%        3
 Mephitic Cloud           Conj/Pois/Air  0%         N/A       100%        3
 Ozocubu's Armour         Ice            0%         N/A       100%        3
 Spider Form              Tmut/Pois      0%         N/A       100%        3
 Stone Arrow              Conj/Erth      0%         3d7       100%        3
 Summon Guardian Golem    Hex/Summ       0%         N/A       100%        3
 Vampiric Draining        Necr           0%         2d6       100%        3
 Leda's Liquefaction      Hex/Erth       0%         N/A       100%        4
 Bolt of Magma            Conj/Fire/Erth 0%         4d4       100%        5
 Orb of Destruction       Conj           0%         N/A       100%        7
 Ozocubu's Refrigeration  Ice            0%         4d5       100%        7
 Spellforged Servitor     Conj/Summ      0%         N/A       100%        7


Dungeon Overview and Level Annotations

Branches:
Dungeon (12/15)            Temple (1/1) D:4            Lair (1/6) D:11
  Sewer (visited)
    Orc: D:9-12

Altars:
Dithmenos
Elyvilon
Fedhas
Hepliaklqana
Kikubaaqudgha
Makhleb
Nemelex Xobeh
Okawaru
Qazlal
Ru
Vehumet
Xom

Shops:
D:4 :   D:7 *   D:8 *   D:11 *

Annotations:
Lair:1 Fannar


Innate Abilities, Weirdness & Mutations

You are too large for most types of armour.
You have tough skin. (AC +1)


Message History

The large slime creature is lightly wounded.
You hit the large slime creature.
The large slime creature is moderately wounded.
You block the large slime creature's attack.
You hit the large slime creature.
The large slime creature is moderately wounded.
The large slime creature hits you but does no damage.
You hit the large slime creature but do no damage.
The large slime creature is moderately wounded.
The large slime creature completely misses you.
You hit the large slime creature.
The large slime creature is moderately wounded.
You sock the large slime creature!
The large slime creature is moderately wounded.
You block the large slime creature's attack.
You hit the large slime creature.
The large slime creature is moderately wounded.
You block the large slime creature's attack.
You hit the large slime creature.
The large slime creature is moderately wounded.
You hit the large slime creature.
The large slime creature is moderately wounded.
You block the large slime creature's attack.
You hit the large slime creature.
The large slime creature is heavily wounded.
You block the large slime creature's attack.
You hit the large slime creature.
The large slime creature is heavily wounded.
You sock the large slime creature!
The large slime creature is heavily wounded.
The large slime creature hits you!!
* * * LOW HITPOINT WARNING * * *
You hit the large slime creature.
The large slime creature is heavily wounded.
The large slime creature hits you!
* * * LOW HITPOINT WARNING * * *
You hit the large slime creature.
The large slime creature is heavily wounded.
The large slime creature hits you!!
You die...

..##........)......#
...##..###<.####.#.# ##########
...##.#.##..####.#.# #........#
.....###.........#.# #.######.#
....#.#.##..###....###.# #.#
.......###..##.........# #.#
...................##### #.##
....##[#########.### #..#
...###.# #@# ##.# ...#...# #J#
#.# ..###..# ##y## #.# .###...#
##.yO## #.# ###.#.## ##...(.##
### #.# .......## ##.......##
##.###.#
###.#...####..>......####...##.#
.......(...+.........'.......#.#
###.#...####.....)...####...##.#


You could see a large slime creature, a two-headed ogre and 2 vampire
mosquitoes.

Vanquished Creatures
  A hydra (Lair:1)
  A boulder beetle (D:11)
  3 two-headed ogres
  The ghost of 0gre the Destroyer, a novice GnCj of Vehumet (D:7)
  Pikel (D:4)
  An ugly thing (D:11)
  Joseph (D:9)
  5 cane toads
  A rime drake (Lair:1)
  2 komodo dragons (Lair:1)
  3 kobold demonologists (D:11)
  A troll (D:10)
  Grinder (D:5)
  2 hornets
  11 blink frogs
  A meliai zombie (D:11)
  4 slime creatures (D:11)
  Sigmund (D:2)
  A shadow (D:10)
  18 yaks
  2 vampire mosquitoes (D:8)
  2 steam dragons
  3 wargs (D:11)
  2 acid dragons
  3 water moccasins (Lair:1)
  Edmund (D:4)
  Purgy (Sewer)
  A sky beast (D:7)
  A hornet zombie (D:8)
  2 ice beasts (D:8)
  4 orc warriors
  3 ogres
  A necrophage (D:6)
  8 centaurs
  A phantom (D:5)
  4 kobold brigands
  10 bullfrogs
  A gnoll sergeant (D:7)
  2 scorpions
  A water moccasin zombie (D:6)
  A wyvern skeleton (D:7)
  A killer bee (D:10)
  A howler monkey (D:3)
  A spectral centaur (D:7)
  2 electric eels (D:11)
  6 centaur zombies
  11 orc priests
  2 centaur skeletons
  A gnoll shaman (D:6)
  4 hounds
  2 bullfrog skeletons
  Ijyb (D:4)
  Terence (D:3)
  Natasha (thrice) (D:2)
  12 orc wizards
  2 killer bee zombies
  A centaur simulacrum (D:7)
  A hound skeleton (D:4)
  2 howler monkey zombies
  A howler monkey skeleton (D:5)
  8 gnolls
  9 adders
  A shadow imp (D:7)
  4 white imps
  A worm (D:2)
  5 dart slugs
  37 orcs
  10 ball pythons
  6 endoplasms
  2 giant cockroaches
  4 goblins
  5 hobgoblins
  4 jackals (D:3)
  A quokka (D:3)
  4 bats
  8 frilled lizards
  14 kobolds
  3 rats
295 creatures vanquished.

Vanquished Creatures (others)
  A human (D:9)
  A kobold brigand (D:11)
  An orc wizard (D:8)
  11 plants
14 creatures vanquished.

Grand Total: 309 creatures vanquished

Notes
Turn   | Place    | Note
-------+----------+-------------------------------------------
     0 | D:1      | rocky1 the Ogre Hunter began the quest for the Orb.
     0 | D:1      | Reached XP level 1. HP: 22/22 MP: 1/1
   177 | D:1      | Reached XP level 2. HP: 31/31 MP: 2/2
  1657 | D:2      | Reached skill level 1 in Maces & Flails
  1657 | D:2      | Reached XP level 3. HP: 39/39 MP: 3/3
  1681 | D:2      | Found a faded altar of an unknown god.
  1681 | D:2      | Noticed a golden eye
  1685 | D:2      | Noticed a great orb of eyes
  1686 | D:2      | Noticed a golden eye
  1686 | D:2      | Noticed a great orb of eyes
  2136 | D:3      | Found a white marble altar of Elyvilon.
  2647 | D:3      | Reached XP level 4. HP: 47/49 MP: 4/4
  2683 | D:3      | Reached skill level 2 in Maces & Flails
  3175 | D:3      | Reached skill level 3 in Maces & Flails
  3175 | D:3      | Reached XP level 5. HP: 24/55 MP: 5/5
  3824 | D:3      | Noticed Terence
  3936 | D:3      | Found a stormy altar of Qazlal.
  4471 | D:4      | Found a glowing drain.
  4476 | Sewer    | Entered a sewer
  4492 | Sewer    | Noticed Purgy
  4506 | Sewer    | Killed Purgy
  4507 | Sewer    | Reached skill level 4 in Maces & Flails
  4507 | Sewer    | Reached XP level 6. HP: 63/63 MP: 6/6
  5155 | D:4      | Reached skill level 5 in Maces & Flails
  5701 | D:4      | Found a staircase to the Ecumenical Temple.
  5723 | Temple   | Entered the Ecumenical Temple
  5729 | Temple   | Became a worshipper of Warmaster Okawaru
  5813 | D:4      | Noticed Ijyb
  5825 | D:4      | Killed Ijyb
  5847 | D:4      | Found Sahekh's Book Shop.
  5897 | D:4      | Noticed Edmund
  5941 | D:5      | Entered Level 5 of the Dungeon
  6008 | D:5      | Reached XP level 7. HP: 60/71 MP: 7/7
  6481 | D:5      | HP: 3/71 [white imp (4)]
  6923 | D:5      | Reached skill level 6 in Maces & Flails
  7417 | D:4      | Noticed Pikel
  8189 | D:5      | Noticed Grinder
  8210 | D:5      | Killed Grinder
  8210 | D:5      | Reached * piety under Okawaru
  8211 | D:5      | Reached skill level 7 in Maces & Flails
  8211 | D:5      | Reached XP level 8. HP: 39/79 MP: 8/8
  8577 | D:5      | Reached skill level 8 in Maces & Flails
  9799 | D:6      | Reached skill level 9 in Maces & Flails
  9979 | D:6      | Reached ** piety under Okawaru
 10895 | D:6      | Reached XP level 9. HP: 79/85 MP: 9/9
 11072 | D:7      | Noticed a hornet
 11211 | D:6      | Paralysed by a hornet for 2 turns
 11218 | D:6      | Killed a hornet
 11219 | D:6      | Reached skill level 5 in Fighting
 11219 | D:6      | Reached skill level 1 in Invocations
 11649 | D:6      | Reached skill level 10 in Maces & Flails
 12536 | D:7      | Found Xufauh's Assorted Antiques.
 12540 | D:7      | Bought a scroll of identify for 48 gold pieces
 12540 | D:7      | Bought a scroll of identify for 48 gold pieces
 12540 | D:7      | Bought a glowing robe for 88 gold pieces
 12540 | D:7      | Bought 2 sedimented brown potions for 43 gold pieces
 12762 | D:7      | Found a runed translucent gate.
 12771 | D:7      | Found a runed translucent gate.
 12772 | D:7      | Found a runed translucent gate.
 12772 | D:7      | Noticed 0gre's ghost (novice GnCj)
 12816 | D:7      | Identified a scroll of acquirement
 12817 | D:7      | Acquired the +5 kite shield "Yviozu Mipu" {rPois rF+ rN+
                  | Will+}
 12979 | D:7      | Reached skill level 1 in Shields
 13438 | D:7      | Reached *** piety under Okawaru
 13478 | D:7      | Reached skill level 11 in Maces & Flails
 13478 | D:7      | Reached XP level 10. HP: 22/96 MP: 8/11
 14344 | D:3      | Killed Terence
 14485 | D:2      | Noticed Natasha
 14495 | D:2      | Killed Natasha
 14526 | D:2      | Noticed Natasha
 14533 | D:2      | Killed Natasha
 14553 | D:2      | Noticed Sigmund
 14577 | D:2      | Killed Sigmund
 14769 | D:2      | Noticed Natasha
 14779 | D:2      | Killed Natasha
 14963 | D:4      | Killed Edmund
 15622 | D:4      | Killed Pikel
 15622 | D:4      | Received a gift from Okawaru
 15623 | D:4      | Reached skill level 5 in Shields
 16851 | D:8      | Found Liheynt's Gadget Gallery.
 16949 | D:9      | Noticed a two-headed ogre
 16952 | D:9      | Noticed Joseph
 16981 | D:8      | Reached **** piety under Okawaru
 16992 | D:8      | Killed a two-headed ogre
 16993 | D:8      | Reached skill level 12 in Maces & Flails
 17680 | D:9      | Killed Joseph
 17680 | D:9      | Received a gift from Okawaru
 17681 | D:9      | Reached XP level 11. HP: 85/104 MP: 12/12
 17702 | D:9      | Found an ancient bone altar of Kikubaaqudgha.
 18139 | D:10     | Entered Level 10 of the Dungeon
 18413 | D:10     | Received a gift from Okawaru
 18605 | D:10     | Noticed a two-headed ogre
 18619 | D:10     | Killed a two-headed ogre
 18911 | D:10     | Reached ***** piety under Okawaru
 19344 | D:10     | Found a sparkling altar of Nemelex Xobeh.
 19444 | D:10     | Found a hazy altar of Hepliaklqana.
 19445 | D:10     | Found a shadowy altar of Dithmenos.
 19622 | D:11     | Found a staircase to the Lair.
 20166 | D:11     | Found a white marble altar of Elyvilon.
 20363 | D:11     | Noticed a two-headed ogre
 20381 | D:11     | Killed a two-headed ogre
 20381 | D:11     | Received a gift from Okawaru
 20382 | D:11     | Reached skill level 13 in Maces & Flails
 20599 | D:11     | Noticed a boulder beetle
 20613 | D:11     | Killed a boulder beetle
 20843 | D:11     | Found Kutheus's Assorted Antiques.
 20886 | D:11     | Noticed a soul eater
 21307 | Lair:1   | Entered Level 1 of the Lair of Beasts
 21321 | D:11     | Reached XP level 12. HP: 87/111 MP: 13/13
 22081 | D:11     | Reached skill level 14 in Maces & Flails
 22114 | D:11     | Reached skill level 5 in Throwing
 22281 | Lair:1   | Reached skill level 1 in Evocations
 24028 | Lair:1   | Identified the +0 robe "Cucweqyap" {+Blink rElec rCorr
                  | Str-5} (Okawaru gifted it to you on level 1 of the Lair of
                  | Beasts)
 24028 | Lair:1   | Received a gift from Okawaru
 24096 | Lair:1   | Noticed a five-headed hydra
 24112 | Lair:1   | Killed a one-headed hydra
 24113 | Lair:1   | Reached skill level 1 in Axes
 24136 | Lair:1   | Got the Papyrus of Clay and Poisoning
 24210 | Lair:1   | Reached skill level 5 in Invocations
 24269 | Lair:1   | Noticed Fannar
 24747 | D:7      | Killed 0gre's ghost
 24748 | D:7      | Reached skill level 1 in Armour
 24958 | D:12     | Noticed a two-headed ogre
 25054 | D:11     | HP: 2/111 [large slime creature (11)]
 25055 | D:11     | Demolished by a large slime creature

Illustrated notes

Levels and vault maps discovered:
D:1:      onia_arrival_handbag, layout_basic
D:2:      layout_basic, hellmonk_ecumenical_altar_watching_god, st_stairs_11,
          minmay_misc_feat_four_crosses, uniq_sigmund, uniq_natasha
D:3:      layout_basic, nicolae_qazlal_eye_of_the_storm, general_overflow_altar,
          minmay_increasing_density, uniq_terence
D:4:      layout_basic, minmay_temple_entry_slanted, serial_shops,
          shop_fountains, portal_sewer_entry_e, amcnicky_mini_corridor_feature,
          chequers_decorated_corner, hangedman_decor_slide_cut,
          chequers_serial_rivers_micro_b, kennysheep_generic_room_5, uniq_ijyb,
          uniq_pikel, uniq_edmund
D:5:      kb_forest_paths, layout_loops_ring, minmay_misc_feat_chi, uniq_grinder
D:6:      layout_loops_cross
D:7:      layout_basic, gammafunk_ghost_necromancy, serial_shops,
          kennysheep_mini_moat
D:8:      wander_river, layout_loops_cross,
          hangedman_abyss_or_decor_lesser_grid, nicolae_shop_gadgets
D:9:      layout_cave_pools, tgw_kikubaaqudgha, uniq_joseph
D:10:     layout_roguey, riverfiend_overflow_shadow_ancestor,
          nemelex_altar_shiori, st_stairs_5
D:11:     layout_loops_corners, erik_lair_orcish_takeover, serial_shops,
          nicolae_shop_overgrown_old_shop, nicolae_elyvilon_temple_path
D:12:     layout_rooms, orc_0_dummy, maelrawn_ghost_gauntlet_escape,
          enter_bailey_8, uniq_azrael
Temple:   eino_temple_rhombus
Lair:1:   layout_chaotic_city, nzn_random_ring, uniq_fannar

Skill      XL: |  1  2  3  4  5  6  7  8  9 10 11 12 |
---------------+-------------------------------------+-----
Fighting       | 3 4 5 |  5.2
Maces & Flails | 1 3 4 5 7 9 11 12 13 14 | 14.0
Invocations    | 1 5 |  5.0
Shields        | 3 7 9 |  9.0
Throwing       | 6 |  6.5
Evocations     | 3 |  3.4
Axes           | 2 |  2.0
Armour         | 2 |  2.1
Dodging        | 3 |  3.1
Stealth        | |  0.6

Action                   |  1- 3 |  4- 6 |  7- 9 | 10-12 || total
-------------------------+-------+-------+-------+-------++-------
Melee: Short sword       |    26 |       |       |       ||    26
       Whip              |    89 |   233 |   604 |    30 ||   956
       Dagger            |       |       |    11 |       ||    11
       Mace              |       |       |       |  1170 ||  1170
       Hand axe          |       |       |       |   197 ||   197
Throw: Dart              |    11 |    25 |    33 |    75 ||   144
       Throwing net      |       |       |     2 |       ||     2
       Large rock        |       |       |     1 |       ||     1
Invok: Heroism           |       |       |     5 |    11 ||    16
Evoke: Wand              |       |       |       |     4 ||     4
  Use: Potion            |       |     2 |     2 |     6 ||    10
       Scroll            |       |     3 |    13 |     9 ||    25
 Stab: Sleeping          |     3 |       |       |     1 ||     4
Armor: Robe              |    44 |    48 |    59 |   143 ||   294
       Skin              |       |     1 |    23 |     7 ||    31
       Gold dragon scale |       |       |       |    62 ||    62
       Troll leather arm |       |       |       |    19 ||    19
Dodge: Dodged            |    58 |    86 |   153 |   165 ||   462
Block: Other             |    17 |    40 |    60 |       ||   117
       Kite shield       |       |       |   120 |  1131 ||  1251
       Reflection        |       |       |     2 |    37 ||    39
